AoeStats
← eyupfc

Arena

508736013Analyzed
2v2 RM · 9d ago on Sep 23, 2026· 49m 57s· 4 players
Game mode
Random Map
Map size
Medium (4 player)
Population
200
Speed
Normal
Resources
Standard
Victory
Conquest
Starting age
Dark Age
Ending age
Imperial Age
RankedLock teamsTeams togetherTeam positionsShared explorationLock speedFull tech treeHidden civsTurbo modeCheats
Victory
Defeat
🇹🇷 Danes · Türkiye
1168
+12
🇹🇷 Saxons · Türkiye
1155
+12
🇭🇷 Saracens · Croatia
1095
-13
🇮🇹 Franks · Italy
1050
-11
Ubi maior
11:02 Feudal Age
9:17 Loom
14:39 Castle Age
13:10 Double-Bit Axe
14:33 Loom
15:25 Wheelbarrow
18:51 Bow Saw
24:31 Forging
24:57 Gold Mining
27:00 Iron Casting
30:31 Imperial Age
28:49 Scale Barding Armor
29:29 Gold Shaft Mining
29:22 Husbandry
29:34 Stone Mining
30:20 Chain Barding Armor
31:04 Hand Cart
32:34 Blast Furnace
31:26 Cavalier
33:57 Plate Barding Armor
34:01 Fletching
34:12 Padded Archer Armor
34:45 Cranequins
35:40 Bodkin Arrow
37:59 Leather Archer Armor
37:07 Elite Skirmisher
38:40 Ballistics
39:21 Chemistry
39:04 Paladin
40:59 Scale Mail Armor
ZSalsero
11:10 Feudal Age
14:33 Castle Age
13:07 Double-Bit Axe
13:52 Horse Collar
17:27 Forging
18:12 Loom
26:49 Gold Mining
33:13 Imperial Age
39:14 Chemistry
40:01 Wheelbarrow
39:29 Husbandry
38:58 Man-at-Arms
39:39 Squires
39:56 Bloodlines
39:58 Town Watch
39:48 Long Swordsman
40:15 Gambesons
40:53 Stone Mining
42:45 Two-Handed Swordsman
49:13 Scale Barding Armor
49:11 Scale Mail Armor
isik.cemil
11:01 Feudal Age
9:18 Loom
12:49 Double-Bit Axe
12:47 Horse Collar
15:08 Castle Age
22:40 Gold Mining
23:27 Scale Mail Armor
29:41 Imperial Age
29:45 Hamask
29:53 Hamask
31:14 Conscription
37:18 Wheelbarrow
36:54 Bow Saw
36:45 Heavy Plow
37:22 Gold Shaft Mining
36:38 Stone Mining
40:07 Forging
40:12 Chain Mail Armor
42:26 Elite Jomsviking
43:12 Squires
42:57 Gambesons
42:59 Arson
44:02 Pikeman
44:05 Northmen's Fury
46:15 Plate Mail Armor
49:15 Town Watch
eyupfc
11:01 Feudal Age
12:24 Double-Bit Axe
15:08 Castle Age
13:13 Horse Collar
16:54 Wheelbarrow
17:19 Bow Saw
19:05 Loom
19:35 Heavy Plow
21:28 Squires
22:01 Fletching
22:12 Padded Archer Armor
23:43 Bodkin Arrow
24:23 Stone Mining
24:17 Crossbowman
26:39 Leather Archer Armor
28:35 Ballistics
32:35 Imperial Age
30:06 Arson
30:34 Scale Mail Armor
31:46 Chain Mail Armor
31:36 Gambesons
32:03 Forging
32:11 Murder Holes
33:52 Conscription
32:57 Shield Wall
34:15 Hand Cart
33:33 Arbalester
35:37 Chemistry
35:28 Bracer
36:32 Pikeman
37:54 Plate Mail Armor
37:59 Iron Casting
39:00 Elite Varangian Guard
40:29 Halberdier
45:38 Two-Man Saw
45:08 Crop Rotation
44:30 Gold Mining
45:11 Ring Archer Armor
50:16 Thumb Ring
50:20 Siege Engineers
Connection lost

Rejoining the realm…

Still unreachable

The connection could not be restored.

Session expired

The server has moved on; the page needs a fresh start.